 Dungeon Crawl Stone Soup version 0.29.1-1-gd02db6906a (webtiles) character file.

Game seed: 12562591715145974660

13 lonewolfV2 the Trooper (level 2, -2/24 HPs)
             Began as a Demonspawn Berserker on Oct 15, 2022.
             Was a Follower of Trog.
             Slain by a kobold
             ... wielding a +2 dagger of speed
              (4 damage)
             ... on level 2 of the Dungeon.
             The game lasted 00:00:47 (974 turns).

lonewolfV2 the Trooper (Demonspawn Berserker)        Turns: 974, Time: 00:00:48

Health: -2/24      AC:  2    Str: 17    XL:     2   Next: 24%
Magic:  2/2        EV: 12    Int:  8    God:    Trog [*.....]
Gold:   21         SH:  0    Dex: 12    Spells: 1/1 levels left

rFire   . . .      SeeInvis .   a - +0 hand axe
rCold   . . .      Faith    .   (no shield)
rNeg    . . .      Spirit   .   b - +0 animal skin
rPois   .          Reflect  .   (no helmet)
rElec   .          Harm     .   (no cloak)
rCorr   .          Rampage  .   (no gloves)
Will    .....                   (no boots)
Stlth   +.........              (no amulet)
HPRegen 0.08/turn               (no ring)
MPRegen 0.08/turn               (no ring)

@: no status effects
A: weakness stinger 1
a: Renounce Religion, Berserk


You were on level 2 of the Dungeon.
You worshipped Trog.
Trog was aware of your devotion.
You visited 1 branch of the dungeon, and saw 2 of its levels.

You collected 21 gold pieces.

Inventory:

Hand Weapons
 a - a +0 hand axe (weapon)
Armour
 b - a +0 animal skin (worn)
Scrolls
 c - 2 scrolls of identify {unknown}
 h - 2 scrolls of enchant armour {unknown}
 i - a scroll of magic mapping {unknown}
Potions
 d - a potion of ambrosia {unknown}
 e - a potion of mutation {unknown}
 f - 2 potions of degeneration {unknown}
 g - a potion of curing {unknown}


   Skills:
 + Level 3.2 Fighting
 + Level 3.0 Axes
 + Level 1.8 Armour
 + Level 1.8 Dodging


You had one spell level left.
You didn't know any spells.
Your spell library was empty.

Dungeon Overview and Level Annotations

Branches:
Dungeon (2/15)

Altars:


Innate Abilities, Weirdness & Mutations

You have a small tail.


Message History

A kobold comes into view. It is wielding a +2 dagger of speed.
The kobold shouts!
You hear an angry hiss.
You hear a shout!
An adder comes into view.
There are monsters nearby!
There are monsters nearby!
There are monsters nearby!
There are monsters nearby!
A goblin comes into view. It is wielding a +0 club.
The goblin shouts!
The kobold misses you.
You hit the kobold but do no damage. You tail-slap the kobold.
The kobold is severely wounded.
The kobold barely misses you.
The goblin unwields a +0 club.
The goblin wields a +0 sling.
The goblin shoots a sling bullet.
The sling bullet misses you.
The kobold hits you with a +2 dagger of speed.
You closely miss the kobold.
The kobold is severely wounded.
You closely miss the adder. The adder misses you. The kobold barely misses you.
The goblin shoots a sling bullet.
The sling bullet hits you. The adder closely misses you.
The kobold hits you with a +2 dagger of speed.
You closely miss the kobold.
You tail-slap the kobold, but do no damage.
The kobold is severely wounded.
You barely miss the adder. The adder closely misses you.
The goblin shoots a sling bullet.
The sling bullet hits you.
The kobold hits you with a +2 dagger of speed. x2
* * * LOW HITPOINT WARNING * * *
The kobold hits you with a +2 dagger of speed.
* * * LOW HITPOINT WARNING * * *
The adder bites you.
* * * LOW HITPOINT WARNING * * *
The kobold attacks as you move away! The kobold barely misses you.
You hit the kobold but do no damage.
The kobold is severely wounded.
The kobold hits you with a +2 dagger of speed.
* * * LOW HITPOINT WARNING * * *
The kobold hits you with a +2 dagger of speed.
You die...

#.......##)#..######
#.............#
#...##..##.....#
#..[..........##
#.......##.#.##
##..######.#.#
#.........#.#
##.########+# #@#
#####K#####
#....Sg...#
#.#...###....
....... .. ##.......
####..### ##.# #.#


You could see an adder, a goblin and a kobold.

Vanquished Creatures
  A ball python (D:1)
  An endoplasm (D:2)
  A giant cockroach (D:1)
  A hobgoblin (D:1)
  2 bats
  A frilled lizard (D:2)
  2 goblins (D:1)
  3 kobolds
  2 rats (D:1)
14 creatures vanquished.

Notes
Turn   | Place    | Note
-------+----------+-------------------------------------------
     0 | D:1      | lonewolfV2 the Demonspawn Berserker began the quest for the
                  | Orb.
     0 | D:1      | Reached XP level 1. HP: 18/18 MP: 1/1
   193 | D:1      | Gained mutation: You have a small tail. [demonic ancestry]
   193 | D:1      | Reached XP level 2. HP: 22/24 MP: 2/2
   275 | D:1      | Found a faded altar of an unknown god.
   974 | D:2      | Slain by a kobold

Illustrated notes

Levels and vault maps discovered:
D:1:      dpeg_arrival_lava_altar, layout_basic,
          shapermc_ecumenical_altar_pompeii
D:2:      layout_loops_corners

Skill      XL: |  1  2 |
---------------+-------+-----
Axes           | 3 |  3.0
Fighting       | |  3.2
Armour         | |  1.8
Dodging        | |  1.8

Action                   || total
-------------------------++-------
Melee: Hand axe          ||    37
       Tailslap          ||     2
Armor: Animal skin       ||    21
Dodge: Dodged            ||    47
